 Dungeon Crawl Stone Soup version 0.27-a0-1189-gb8eb6cee8e (webtiles) character file.

Game seed: 13362250646707413822

5028 bilbop the Fighter (level 10, -6/93 HPs)
             Began as a Minotaur Fighter on May 23, 2021.
             Was a Follower of Fedhas.
             Mangled by a vampire (15 damage)
             ... on level 9 of the Dungeon.
             The game lasted 00:46:25 (9907 turns).

bilbop the Fighter (Minotaur Fighter)               Turns: 9907, Time: 00:46:26

Health: -6/93      AC: 22    Str: 20    XL:     10   Next: 30%
Magic:  9/9        EV:  7    Int:  7    God:    Fedhas [*.....]
Gold:   356        SH: 12    Dex: 12    Spells: 9/9 levels left

rFire    + . .     SeeInvis .   l - +1 mace (drain)
rCold    + + +     Faith    .   c - +0 kite shield
rNeg     + . .     Spirit   .   z - +11 chain mail of Calculation {rC++}
rPois    .         Reflect  .   I - +0 hat
rElec    .         Harm     .   b - scarf {rC+ rF+}
rCorr    +         Rampage  .   (no gloves)
Will     .....                  (no boots)
Stlth    ..........             D - amulet of magic regeneration
HPRegen  0.25/turn              u - ring of resist corrosion
MPRegen  0.36/turn              y - ring of positive energy

@: no status effects
A: horns 2, retaliatory headbutt
a: Renounce Religion


You were on level 9 of the Dungeon.
You worshipped Fedhas.
Fedhas was aware of your devotion.
You visited 2 branches of the dungeon, and saw 10 of its levels.

You collected 603 gold pieces.
You spent 247 gold pieces at shops.

Inventory:

Hand Weapons
 a - a +0 flail
 l - a +1 mace of draining (weapon)
Missiles
 j - 5 atropa-tipped darts (quivered)
 n - 46 bolts
 J - a curare-tipped dart
Armour
 b - a scarf of resistance (worn)
 c - a +0 kite shield (worn)
 e - a scarf of invisibility
 m - a +0 scale mail of willpower
 z - the +11 chain mail of Calculation (worn) {rC++}
   (You bought it in a shop on level 6 of the Dungeon)

   It greatly protects you from cold.
 I - a +0 hat (worn)
Jewellery
 u - a ring of resist corrosion (left hand)
 v - an amulet of guardian spirit
 y - a ring of positive energy (right hand)
 D - an amulet of magic regeneration (around neck)
Wands
 x - a wand of paralysis (15)
 G - a wand of digging (11)
Scrolls
 f - 4 scrolls of teleportation
 g - a scroll of magic mapping
 h - 4 scrolls of identify
 q - 2 scrolls of enchant weapon
 t - 2 scrolls of enchant armour
 A - 2 scrolls of vulnerability {unknown}
 C - a scroll of amnesia {unknown}
Potions
 d - 3 potions of might
 i - 2 potions of lignification {unknown}
 k - 3 potions of resistance
 o - a potion of brilliance {unknown}
 p - 2 potions of magic
 r - 4 potions of curing {unknown}
 s - a potion of ambrosia {unknown}
 w - 2 potions of invisibility {unknown}
 B - 2 potions of degeneration {unknown}
 E - 3 potions of flight {unknown}
 F - a potion of mutation {unknown}
 H - a potion of berserk rage {unknown}


   Skills:
 + Level 9.9 Fighting
 + Level 9.4 Maces & Flails
 + Level 9.8 Armour
 + Level 9.8 Shields


You had 9 spell levels left.
You didn't know any spells.
Your spell library contained the following spells:

 Spells                   Type           Power      Damage    Failure   Level
 Magic Dart               Conj           0%         1d3       100%        1
 Poisonous Vapours        Pois/Air       0%         N/A       100%        2
 Searing Ray              Conj           0%         3d3       100%        2
 Call Canine Familiar     Summ           0%         N/A       100%        3
 Confusing Touch          Hex            0%         N/A       100%        3
 Dazzling Flash           Conj/Hex       0%         N/A       100%        3
 Gell's Gravitas          Tloc           0%         N/A       100%        3
 Mephitic Cloud           Conj/Pois/Air  0%         N/A       100%        3
 Fulminant Prism          Conj/Hex       0%         3d6       100%        4
 Iskenderun's Mystic Bla  Conj/Tloc      0%         2d3       100%        4
 Petrify                  Tmut/Erth      0%         N/A       100%        4
 Metabolic Englaciation   Hex/Ice        0%         N/A       100%        5
 Summon Mana Viper        Hex/Summ       0%         N/A       100%        5
 Yara's Violent Unravell  Hex/Tmut       0%         3d3       100%        5
 Summon Hydra             Summ           0%         N/A       100%        7


Dungeon Overview and Level Annotations

Branches:
Dungeon (9/15)             Temple (1/1) D:6            Lair (0/6) D:8
    Orc: D:9-12

Altars:
Ashenzari
Cheibriados
Dithmenos
Elyvilon
Fedhas
Gozag
Kikubaaqudgha
Makhleb
Nemelex Xobeh
Qazlal
Ru
Sif Muna
Trog
Uskayaw
Vehumet
Wu Jian
Xom
Yredelemnul
Zin

Shops:
D:5 =   D:6 [

Annotations:
D:7 2 runed translucent doors


Innate Abilities, Weirdness & Mutations

You have a pair of horns on your head.
You reflexively headbutt those who attack you in melee.


Message History

Found a murky dark potion.
Found a stone staircase leading up.
You hit something but do no damage. You headbutt something!
Something hits you but does no damage. Something bites you!
Something draws strength from your injuries!
You miss something. You headbutt something.
You hear some strange, mumbled words.
Something tries to affect you, but you resist.
You closely miss something.
You hear some strange, mumbled words.
You are confused.
You miss something. Something hits you. Something bites you but does no damage.
Something hits you. Something bites you.
Something draws strength from your injuries!
You hit something but do no damage. Something hits you. Something bites you.
Something draws strength from your injuries!
You closely miss something. Something completely misses you.
Something bites you but does no damage.
You feel less confused. Something hits you. Something bites you!
Something draws strength from your injuries!
Found 17 gold pieces.
You hit something. Your headbutt misses something.
You block something's attack. Something bites you.
You completely miss something. Something hits you. Something bites you.
* * * LOW HITPOINT WARNING * * *
Something draws strength from your injuries!
You hit something but do no damage. Your headbutt misses something.
Something hits you!
* * * LOW HITPOINT WARNING * * *
Something bites you.
* * * LOW HITPOINT WARNING * * *
Something draws strength from your injuries!
You thump something! Something hits you but does no damage.
Something bites you but does no damage.
You sock something! Your headbutt misses something.
Something draws life force from you.
* * * LOW HITPOINT WARNING * * *
You hit something but do no damage. Something hits you!
You die...
Fedhas appreciates your contribution to the ecosystem.

.. ## #. #...>....
#..........#
#[..........†.$.......#
#............)........#
#.......######........#
##.......# #........#
.....)...# #.........


There were no monsters in sight!

Vanquished Creatures
  2 two-headed ogres (D:9)
  A death yak (D:8)
  Maggie (D:6)
  Sigmund (D:6)
  A wyvern (D:8)
  Grum (D:9)
  An orc warrior (D:8)
  2 sky beasts
  2 ice beasts
  3 black bears
  An ogre (D:5)
  2 wolves (D:9)
  2 centaurs
  A kobold brigand (D:9)
  4 scorpions
  A water moccasin skeleton (D:6)
  A bullfrog zombie (D:5)
  2 centaur zombies
  8 orc priests
  A gnoll shaman (D:8)
  A hound (D:5)
  Jessica (D:3)
  3 iguanas
  Terence (D:2)
  Natasha (thrice) (D:2)
  2 orc wizards
  A hound skeleton (D:5)
  5 gnolls
  A howler monkey skeleton (D:4)
  7 adders
  A shadow imp (D:5)
  3 white imps
  An ufetubus (D:5)
  3 worms
  3 dart slugs
  20 orcs
  8 bats
  5 endoplasms
  5 giant cockroaches
  6 goblins
  7 hobgoblins
  15 jackals
  4 quokkas
  9 ball pythons
  5 frilled lizards
  5 kobolds
  8 rats
171 creatures vanquished.

Vanquished Creatures (others)
  3 plants
3 creatures vanquished.

Grand Total: 174 creatures vanquished

Notes
Turn   | Place    | Note
-------+----------+-------------------------------------------
     0 | D:1      | bilbop the Minotaur Fighter began the quest for the Orb.
     0 | D:1      | Reached XP level 1. HP: 19/19 MP: 0/0
   306 | D:1      | Reached XP level 2. HP: 27/27 MP: 1/1
   495 | D:1      | Found a faded altar of an unknown god.
   905 | D:2      | Reached XP level 3. HP: 33/33 MP: 2/2
  1359 | D:2      | Noticed Natasha
  1372 | D:2      | Killed Natasha
  1373 | D:2      | Reached XP level 4. HP: 18/41 MP: 3/3
  1651 | D:2      | Noticed Terence
  1658 | D:2      | Killed Terence
  1987 | D:2      | Noticed Natasha
  1991 | D:2      | Killed Natasha
  1992 | D:2      | Reached XP level 5. HP: 44/47 MP: 4/4
  2358 | D:2      | Noticed Natasha
  2365 | D:2      | Killed Natasha
  2750 | D:3      | Noticed Jessica
  2755 | D:3      | Killed Jessica
  2756 | D:3      | Reached skill level 5 in Fighting
  2756 | D:3      | Reached skill level 5 in Armour
  2756 | D:3      | Reached skill level 5 in Shields
  3103 | D:4      | Found a transporter.
  3107 | D:4      | Found a transporter.
  3151 | D:4      | Reached XP level 6. HP: 56/56 MP: 5/5
  3331 | D:4      | Found a sparkling altar of Nemelex Xobeh.
  3417 | D:4      | You fall into a shaft and drop 1 floor!
  3417 | D:5      | Entered Level 5 of the Dungeon
  3474 | D:5      | Noticed an ice beast
  3487 | D:5      | Killed an ice beast
  3658 | D:5      | Reached skill level 5 in Maces & Flails
  3658 | D:5      | Reached XP level 7. HP: 48/62 MP: 6/6
  4879 | D:5      | Found Kial's Jewellery Shop.
  4976 | D:5      | Identified the +6 scale mail of Agoraphobia {rElec Dex+4
                  | Slay-3}
  5438 | D:5      | Identified Sif Muna's Tome of Aerial Creation
  5658 | D:6      | Found Quxt's Antique Armour Shop.
  5666 | D:6      | Bought a distressingly furry chain mail for 247 gold pieces
  5666 | D:6      | Identified the +11 chain mail of Calculation {rC++} (You
                  | bought it in a shop on level 6 of the Dungeon)
  5691 | D:6      | Reached XP level 8. HP: 70/71 MP: 7/7
  5763 | D:6      | Found a staircase to the Ecumenical Temple.
  5834 | Temple   | Entered the Ecumenical Temple
  5940 | Temple   | Became a worshipper of Fedhas Madash
  6023 | D:6      | Noticed Maggie
  6037 | D:6      | Killed Maggie
  6042 | D:6      | HP: 3/73 [poisoned by Maggie]
  6417 | D:6      | Noticed Sigmund
  6431 | D:6      | Killed Sigmund
  6677 | D:6      | Found an ornate altar of the Wu Jian Council.
  6887 | D:7      | Found a large runed translucent door.
  6888 | D:7      | Found a large runed translucent door.
  7209 | D:7      | Reached XP level 9. HP: 73/81 MP: 8/8
  7779 | D:8      | Found a white marble altar of Elyvilon.
  7910 | D:8      | Noticed a death yak
  7986 | D:8      | Found a staircase to the Lair.
  8011 | D:8      | Killed a death yak
  8190 | D:8      | Reached * piety under Fedhas
  9263 | D:9      | Noticed a two-headed ogre
  9282 | D:9      | Killed a two-headed ogre
  9283 | D:9      | Reached XP level 10. HP: 64/91 MP: 9/9
  9612 | D:9      | Noticed a two-headed ogre
  9629 | D:9      | Killed a two-headed ogre
  9849 | D:9      | Noticed Grum
  9866 | D:9      | Killed Grum
  9907 | D:9      | Mangled by a vampire

Illustrated notes

Levels and vault maps discovered:
D:1:      lemuel_arrival_broad_hall, layout_basic, serial_corexii_hall,
          corexii_hall_statues_t, corexii_hall_statues_i,
          ebering_ecumenical_altar_mist, glass_columns_b, serial_bayou_lagoon_a
D:2:      layout_loops_ring, kennysheep_generic_room_6, uniq_terence,
          uniq_natasha
D:3:      minmay_spotlight, layout_rooms, amcnicky_mini_corridor_feature,
          uniq_jessica
D:4:      gammafunk_wand_slinger, layout_basic, nemelex_dance_club_becter,
          serial_bayou_pond_e
D:5:      layout_basic, serial_shops, nicolae_shop_window_shopping
D:6:      layout_loops_ring, pdpol_wu_jian_five_deadly_venoms,
          minmay_temple_entry_slanted, serial_shops, shop_fountains,
          corexii_leaking_fountain, hangedman_decor_points, uniq_sigmund,
          uniq_maggie
D:7:      layout_basic, jmf_multi_god_temple2, minivault_23
D:8:      layout_basic, elyvilon_altar_1, david_lair_generic
D:9:      layout_small_grid, serial_shops, nicolae_shop_trees, uniq_grum
Temple:   kb_temple_of_zot

Skill      XL: |  1  2  3  4  5  6  7  8  9 |
---------------+----------------------------+-----
Fighting       | 4 5 6 7 9 |  9.9
Armour         | 4 5 6 7 9 |  9.8
Shields        | 4 5 6 7 9 |  9.8
Maces & Flails | 3 4 5 6 7 9 |  9.4

Action                   |  1- 3 |  4- 6 |  7- 9 | 10-12 || total
-------------------------+-------+-------+-------+-------++-------
Melee: Flail             |   108 |    16 |       |       ||   124
       Headbutt          |    10 |    21 |    48 |     7 ||    86
       Mace              |       |   120 |   253 |    44 ||   417
Throw: Dart              |       |       |     1 |       ||     1
  Use: Scroll            |       |       |     8 |       ||     8
Armor: Scale mail        |    19 |    50 |    24 |       ||    93
       Chain mail        |    74 |    12 |   116 |    18 ||   220
Dodge: Dodged            |    34 |    57 |    70 |     8 ||   169
Block: Kite shield       |    76 |    85 |   153 |    13 ||   327

Table legend: (Time is in decaauts)
 A = Elapsed time spent in this place.
 B = Non-inter-level travel time spent in this place.
 C = Inter-level travel time spent in this place.
 D = Time resting spent in this place.
 E = Time spent auto-exploring this place.
 F = Levels seen in this place.
 G = Mean time per level.
                   A        B        C        D        E       F      G
               +--------+--------+--------+--------+--------+-----+--------+
         Total |  10088 |   9740 |    348 |   2003 |   6217 |  10 | 1008.8 |
       Dungeon |   9964 |   9635 |    329 |   2003 |   6115 |   9 | 1107.1 |
        Temple |    123 |    104 |     19 |      0 |    102 |   1 |  123.0 |
               +--------+--------+--------+--------+--------+-----+--------+

Top non-repeatable levels by time:
     D:8: 1556 daAuts
     D:2: 1551 daAuts
     D:4: 1467 daAuts
     D:5: 1154 daAuts
     D:6: 1025 daAuts
     D:1: 908 daAuts
     D:7: 790 daAuts
     D:9: 788 daAuts
     D:3: 722 daAuts
  Temple: 123 daAuts
